 Dungeon Sprint DCSS version 0.30.1-11-g7821555f0a (webtiles) character file.

Game seed: 12773973464608112320

31754 Heoruswealwe the Minotaur Porcupine (level 13, 0/146 HPs)
             Began as a Minotaur Fighter on Dec 15, 2023.
             Was an Initiate of Gozag.
             Engulfed by a swamp dragon's poison gas (9 damage)
             ... in the Dungeon (Sprint IX: "|||||||||||||||||||||||||||||").
             The game lasted 00:24:25 (2146 turns).

Heoruswealwe the Minotaur Porcupine (MiFi)          Turns: 2146, Time: 00:24:26

Health: 0/146      AC: 31    Str: 28    XL:     13   Next: 27%
Magic:  12/12      EV:  9    Int:  5    God:    Gozag
Gold:   1082       SH:  0    Dex: 11    Spells: 12/12 levels left

rFire   . . .        b - +5 scythe "Finisher" {speed, execute}
rCold   + + .        (shield currently unavailable)
rNeg    . . .        c - +3 plate armour {rC+}
rPois   .            (helmet restricted)
rElec   .            h - +0 cloak
rCorr   .            f - +0 pair of gloves
SInv    .            e - +2 pair of boots {rampage}
Will    .....        i - amulet of regeneration Stlth
                     k - +3 ring of strength
HPRegen 1.24/turn    j - ring of protection from cold
MPRegen 0.13/turn

%: no teleportation, rampage
@: lethally poisoned (0 -> -7), gold aura
A: horns 2, retaliatory headbutt
a: Renounce Religion, Potion Petition, Call Merchant, Bribe Branch


You were in the Dungeon.
You worshipped Gozag.
Gozag was most pleased with you.
You visited 1 branch You collected 9877 gold pieces.
You spent 6572 gold pieces at shops.
You paid 2223 gold pieces to Gozag.

Inventory:

Hand Weapons
 a - a +0 trident
 b - the +5 scythe "Finisher" (weapon) {speed, execute}
   (You found it in the Dungeon)
 l - the +11 Singing Sword {sonic wave}
   (You bought it in a shop in the Dungeon)
Armour
 c - a +3 plate armour of cold resistance (worn)
 d - a +0 buckler
 e - a +2 pair of boots of rampaging (worn)
 f - a +0 pair of gloves (worn)
 h - a +0 cloak (worn)
Jewellery
 i - an amulet of regeneration (around neck)
 j - a ring of protection from cold (right hand)
 k - a +3 ring of strength (left hand)
 w - a ring of protection from fire
Wands
 m - a wand of acid (14)
Scrolls
 p - 7 scrolls of identify
 r - 4 scrolls of enchant armour
 s - 3 scrolls of blinking
 u - 4 scrolls of enchant weapon
 z - a scroll of silence
Potions
 g - 3 potions of haste
 n - 5 potions of might
 o - a potion of mutation
 q - a potion of heal wounds
 v - a potion of curing
 x - a potion of berserk rage
Miscellaneous
 t - a phantom mirror
 B - a lightning rod (4/4)
 D - a piece from Xom's chessboard (15/15)


   Skills:
 + Level 22.6 Fighting
 O Level 27 Polearms
 + Level 22.6 Armour
 - Level 3.6 Shields


You had 12 spell levels left.
You didn't know any spells.
Your spell library was empty.

Dungeon Overview and Level Annotations

Branches:
Dungeon (1/1)

Altars:
Cheibriados
Dithmenos
Elyvilon
Fedhas
Gozag
Hepliaklqana
Kikubaaqudgha
Makhleb
Nemelex Xobeh
Okawaru
Qazlal
Ru
Sif Muna
Trog
Uskayaw
Vehumet
Wu Jian
Xom
Yredelemnul
Zin
The Shining One
Jiyva
Lugonu

Shops:
D *[=***


Innate Abilities, Weirdness & Mutations

You have a pair of horns on your head.
You reflexively headbutt those who attack you in melee.


Message History

The spriggan druid mumbles some strange words.
The forest starts to sway and rumble!
The fenstrider witch is engulfed in spectral mist.
The fenstrider witch points at you and mumbles some strange words.
Your body is wracked with pain!
* * * LOW HITPOINT WARNING * * *
The spectral quokka completely misses you.
The ghost crab breathes spectral mist at you.
The spectral mist engulfs the swamp dragon but does no damage.
You can move again.
Blink to where?
Press: ? - help, Dir - move target
As you read the scroll of blinking, it crumbles to dust.
You feel very sick.
The spectral quokka fades away!
You are hit by a branch!
* * * LOW HITPOINT WARNING * * *
The swamp dragon is engulfed in spectral mist.
The spriggan druid gestures wildly while chanting.
The spriggan druid is healed somewhat.
You feel much better.
You feel very sick. A root smacks you from below!
* * * LOW HITPOINT WARNING * * *
The swamp dragon is engulfed in spectral mist.
You barely miss the fenstrider witch.
The fenstrider witch is almost dead.
You feel sick.
You slice the fenstrider witch!!
You kill the fenstrider witch!
You feel sick. A tree reaches out and hits you!
* * * LOW HITPOINT WARNING * * *
The spriggan druid gestures wildly while chanting.
The spriggan druid is healed somewhat.
The swamp dragon breathes poison at you.
The blast of poison engulfs you but does no damage.
You are lethally poisoned!
You feel better.
You are engulfed in poison gas.
You are poisoned.
You die...
Your body crumbles into a pile of gold.

▓▓▓▓▓▓▓▓▓▓▓▓▓▓▓▓▓♣♣♣♣♣♣♣♣♣
)......')§☼§§☼☼☼@○○Dt°it.v
▓▓▓▓▓▓▓▓▓▓▓▓▓▓▓▓▓♣♣♣♣♣♣♣♣♣♣▓▓▓▓▓▓
...........................).....
▓▓▓▓▓▓▓▓▓▓▓▓▓▓▓▓▓▓▓▓▓▓▓▓▓▓▓▓▓▓▓▓▓
))))[[[[..[[[[......?...)..)))).)
▓▓▓▓▓▓▓▓▓▓▓▓▓▓▓▓▓▓▓▓▓▓▓▓▓▓▓▓▓▓▓▓▓
.................................
▓▓▓▓▓▓▓▓▓▓▓▓▓▓▓▓▓▓▓▓▓▓▓▓▓▓▓▓▓▓▓▓▓
).).)))..')...........'[!...∩.∩.∩


You could see an alligator (swift), a swamp dragon, a ghost crab and a spriggan
druid.

Vanquished Creatures
  A fenstrider witch (D)
  2 fire giants (D)
  A very ugly thing (D)
  An ettin (D)
  Harold (D)
  2 catoblepae (D)
  2 ogre magi (D)
  2 hydras (D)
  An alligator (D)
  2 centaur warriors (D)
  An anaconda (D)
  4 death yaks (D)
  A deep troll earth mage (D)
  2 shock serpents (D)
  2 naga sharpshooters (D)
  A pharaoh ant (D)
  A glowing orange brain (D)
  2 orb spiders (D)
  A steelbarb worm (D)
  3 ugly things (D)
  A cyclops (D)
  7 orc sorcerers (D)
  A manticore (D)
  A moth of wrath (D)
  3 naga magi (D)
  A black mamba (D)
  A guardian serpent (D)
  2 demonic crawlers (D)
  2 cane toads (D)
  An efreet (D)
  2 komodo dragons (D)
  2 yaktaurs (D)
  2 meliai (D)
  2 trolls (D)
  2 blink frogs (D)
  A slime creature (D)
  A vampire (D)
  4 yaks (D)
  A redback (D)
  4 water moccasins (D)
  13 orc warriors (D)
  3 wolves (D)
  2 centaurs (D)
  A kobold brigand (D)
  A bullfrog (D)
  A scorpion (D)
  A hound (D)
  A jelly (D)
  5 orc priests (D)
  11 orc wizards (D)
  A gnoll (D)
  3 orcs (D)
  2 endoplasms (D)
  A hobgoblin (D)
  2 kobolds (D)
122 creatures vanquished.

Vanquished Creatures (others)
  A hydra (D)
  A goliath frog (D)
2 creatures vanquished.

Grand Total: 124 creatures vanquished

Notes
Turn   | Place    | Note
-------+----------+-------------------------------------------
     0 | D        | Heoruswealwe the Minotaur Fighter began the quest for the
                  | Orb.
     0 | D        | Reached XP level 1. HP: 19/19 MP: 0/0
     6 | D        | Reached skill level 3 in Polearms
    17 | D        | Reached skill level 4 in Polearms
    25 | D        | Noticed a scorpion
    25 | D        | Noticed a jelly
    25 | D        | Noticed a hound
    25 | D        | Noticed a centaur
    31 | D        | Killed a scorpion
    32 | D        | Reached skill level 5 in Fighting
    32 | D        | Reached skill level 6 in Polearms
    32 | D        | Reached skill level 5 in Armour
    32 | D        | Reached XP level 2. HP: 29/30 MP: 1/1
    32 | D        | Reached XP level 3. HP: 36/37 MP: 2/2
    37 | D        | Reached skill level 7 in Polearms
    37 | D        | Reached XP level 4. HP: 36/44 MP: 3/3
    38 | D        | Reached skill level 8 in Polearms
    49 | D        | Killed a centaur
    50 | D        | Reached skill level 10 in Polearms
    50 | D        | Reached XP level 5. HP: 38/53 MP: 4/4
    57 | D        | Found a snail-covered altar of Cheibriados.
    57 | D        | Found a shadowy altar of Dithmenos.
    57 | D        | Found a white marble altar of Elyvilon.
    57 | D        | Found a blossoming altar of Fedhas.
    57 | D        | Found an opulent altar of Gozag.
    58 | D        | Found a hazy altar of Hepliaklqana.
    59 | D        | Found a viscous altar of Jiyva.
    60 | D        | Found an ancient bone altar of Kikubaaqudgha.
    61 | D        | Found a corrupted altar of Lugonu.
    62 | D        | Found a burning altar of Makhleb.
    63 | D        | Found a sparkling altar of Nemelex Xobeh.
    64 | D        | Found an iron altar of Okawaru.
    65 | D        | Became a worshipper of Gozag Ym Sagoz the Greedy
    66 | D        | Found a stormy altar of Qazlal.
    67 | D        | Found a sacrificial altar of Ru.
    68 | D        | Found a shimmering blue altar of Sif Muna.
    69 | D        | Found a bloodstained altar of Trog.
    70 | D        | Found a hide-covered altar of Uskayaw.
    71 | D        | Found a radiant altar of Vehumet.
    72 | D        | Found an ornate altar of the Wu Jian Council.
    73 | D        | Found a shimmering altar of Xom.
    74 | D        | Found a basalt altar of Yredelemnul.
    75 | D        | Found a glowing silver altar of Zin.
    76 | D        | Found a glowing golden altar of the Shining One.
   136 | D        | Noticed a vampire
   136 | D        | Noticed an orc warrior
   136 | D        | Noticed a troll
   136 | D        | Noticed a centaur
   136 | D        | Noticed a yak
   140 | D        | Killed a vampire
   141 | D        | Reached skill level 11 in Polearms
   141 | D        | Reached XP level 6. HP: 63/63 MP: 5/5
   147 | D        | Reached skill level 12 in Polearms
   149 | D        | Killed an orc warrior
   150 | D        | Reached XP level 7. HP: 54/71 MP: 6/6
   151 | D        | Killed a troll
   152 | D        | Reached skill level 10 in Fighting
   152 | D        | Reached skill level 13 in Polearms
   152 | D        | Reached skill level 10 in Armour
   157 | D        | Reached skill level 14 in Polearms
   159 | D        | Killed a yak
   237 | D        | Noticed a manticore
   237 | D        | Noticed a meliai
   237 | D        | Noticed a centaur warrior
   237 | D        | Noticed a cyclops
   237 | D        | Noticed a green ugly thing
   237 | D        | Noticed a troll
   241 | D        | Killed a manticore
   242 | D        | Reached skill level 15 in Polearms
   242 | D        | Reached XP level 8. HP: 80/83 MP: 7/7
   246 | D        | Killed a meliai
   247 | D        | Reached skill level 16 in Polearms
   250 | D        | Killed a centaur warrior
   251 | D        | Reached skill level 17 in Polearms
   251 | D        | Reached XP level 9. HP: 45/92 MP: 8/8
   252 | D        | Killed a cyclops
   261 | D        | Killed a green ugly thing
   262 | D        | Reached skill level 18 in Polearms
   265 | D        | Killed a troll
   570 | D        | Noticed a black mamba
   570 | D        | Noticed a komodo dragon
   570 | D        | Noticed a komodo dragon
   573 | D        | Noticed a four-headed hydra
   578 | D        | Killed a black mamba
   587 | D        | Reached skill level 19 in Polearms
   600 | D        | Killed a komodo dragon
   601 | D        | Reached XP level 10. HP: 77/104 MP: 9/9
   616 | D        | Killed an 11-headed hydra
   617 | D        | Reached skill level 20 in Polearms
   619 | D        | Reached skill level 15 in Fighting
   624 | D        | Reached skill level 15 in Armour
   684 | D        | Noticed a seven-headed hydra
   684 | D        | Noticed a catoblepas
   684 | D        | Noticed a cane toad
   689 | D        | Killed an 11-headed hydra
   695 | D        | Noticed a cane toad
   709 | D        | Killed a catoblepas
   710 | D        | Reached skill level 21 in Polearms
   721 | D        | Killed a cane toad
   735 | D        | Killed a cane toad
   790 | D        | Noticed a death yak
   790 | D        | Noticed a catoblepas
   790 | D        | Noticed a death yak
   790 | D        | Noticed a death yak
   790 | D        | Noticed a death yak
   826 | D        | Killed a death yak
   827 | D        | Reached XP level 11. HP: 109/115 MP: 10/10
   845 | D        | Killed a catoblepas
   846 | D        | Reached skill level 22 in Polearms
   862 | D        | Killed a death yak
   866 | D        | Killed a death yak
   874 | D        | Killed a death yak
   875 | D        | Reached skill level 23 in Polearms
  1306 | D        | Found Gat Uron's Assorted Antiques.
  1306 | D        | Noticed an orc sorcerer
  1306 | D        | Noticed an orc sorcerer
  1306 | D        | Noticed an orc sorcerer
  1308 | D        | Killed an orc sorcerer
  1315 | D        | Found Xufufoe's Antique Armour Shoppe.
  1324 | D        | Paralysed by an orc sorcerer for 5 turns
  1327 | D        | Noticed a sixfirhy
  1330 | D        | Killed an orc sorcerer
  1331 | D        | Reached skill level 24 in Polearms
  1334 | D        | Killed an orc sorcerer
  1339 | D        | Found Hagyakak's Magic Scroll Emporium.
  1347 | D        | Found Ybriamal's Jewellery Shoppe.
  1349 | D        | Noticed an orc sorcerer
  1351 | D        | Noticed an orc sorcerer
  1352 | D        | Noticed an orc sorcerer
  1356 | D        | Killed an orc sorcerer
  1356 | D        | Noticed an orc sorcerer
  1366 | D        | Killed an orc sorcerer
  1372 | D        | Killed an orc sorcerer
  1375 | D        | Killed an orc sorcerer
  1451 | D        | Bought a scroll of identify for 48 gold pieces
  1451 | D        | Bought a square soapstone amulet for 120 gold pieces
  1451 | D        | Bought a phantom mirror for 960 gold pieces
  1451 | D        | Bought a scroll labelled GUSEPS CIUGO for 24 gold pieces
  1451 | D        | Bought a potion of curing for 72 gold pieces
  1451 | D        | Bought the +11 Singing Sword {sonic wave} for 2400 gold
                  | pieces
  1451 | D        | Found the +11 Singing Sword {sonic wave}
  1453 | D        | Bought an embroidered scarf for 192 gold pieces
  1455 | D        | Bought a scroll of immolation for 52 gold pieces
  1455 | D        | Bought a scroll of identify for 26 gold pieces
  1455 | D        | Bought a scroll of identify for 26 gold pieces
  1455 | D        | Bought a scroll of amnesia for 52 gold pieces
  1455 | D        | Bought a scroll of enchant weapon for 97 gold pieces
  1455 | D        | Bought a scroll of silence for 123 gold pieces
  1455 | D        | Bought a scroll of summoning for 123 gold pieces
  1455 | D        | Bought a scroll of blinking for 97 gold pieces
  1460 | D        | Bought a scroll of identify for 66 gold pieces
  1460 | D        | Bought a lightning rod (4/4) for 990 gold pieces
  1460 | D        | Bought a sedimented coppery potion for 29 gold pieces
  1460 | D        | Bought a scroll of identify for 66 gold pieces
  1460 | D        | Bought a piece from Xom's chessboard (15/15) for 660 gold
                  | pieces
  1460 | D        | Bought a scroll of identify for 66 gold pieces
  1595 | D        | Found the +5 scythe "Finisher" {speed, execute}
  1711 | D        | Noticed an ogre mage
  1711 | D        | Noticed a green ugly thing
  1711 | D        | Noticed an ogre mage
  1716 | D        | Killed an ogre mage
  1717 | D        | Reached XP level 12. HP: 128/128 MP: 11/11
  1719 | D        | Noticed a centaur warrior
  1722 | D        | Reached skill level 25 in Polearms
  1724 | D        | Noticed a brown very ugly thing
  1724 | D        | Noticed a fire giant
  1728 | D        | Noticed a fire giant
  1728 | D        | Killed an ogre mage
  1729 | D        | Noticed an ettin
  1736 | D        | Noticed a deep troll earth mage
  1739 | D        | Killed a brown very ugly thing
  1741 | D        | Killed a centaur warrior
  1744 | D        | Killed a fire giant
  1745 | D        | Reached skill level 26 in Polearms
  1749 | D        | Killed a fire giant
  1753 | D        | Killed an ettin
  1760 | D        | Killed a deep troll earth mage
  1808 | D        | Bought a potion of heal wounds for 65 gold pieces
  1811 | D        | Bought a wand of acid (4) for 218 gold pieces
  1832 | D        | Noticed Harold
  1835 | D        | Killed Harold
  1917 | D        | Reached skill level 27 in Polearms
  2010 | D        | Noticed an anaconda
  2015 | D        | Reached XP level 13. HP: 130/143 MP: 12/12
  2127 | D        | Noticed a fenstrider witch
  2136 | D        | Paralysed by a fenstrider witch for 5 turns
  2142 | D        | HP: 1/146 [spriggan druid/angry trees (8)]
  2145 | D        | Killed a fenstrider witch
  2146 | D        | Engulfed by a swamp dragon's poison gas

Illustrated notes

Levels and vault maps discovered:
D:        linesprint [early_d, line_temple, items_1, d_10, items_2, lair_1,
          lair_end, items_3, orc_1, orc_end, items_4, d_15, swamp_1, shoals_1,
          snake_1, spider_1, d_20, vaults_1, items_5, swamp_end, shoals_end,
          snake_end, spider_end, vaults_end, d_27, items_6, zot_1, zot_end,
          crypt_end, forest_end, elf_end, slime_end, tomb_end, abyss_end,
          pan_hell_end]

Skill      XL: |  1  2  3  4  5  6  7  8  9 10 11 12 13 |
---------------+----------------------------------------+-----
Polearms       | 6 7 10 11 12 15 17 19 21 24 27 | 27.0
Fighting       | 5 6 7 9 11 12 14 16 18 21 22 | 22.6
Armour         | 5 6 7 9 11 12 14 16 18 21 22 | 22.6
Shields        | |  3.6

Action                     |  1- 3 |  4- 6 |  7- 9 | 10-12 | 13-15 || total
---------------------------+-------+-------+-------+-------+-------++-------
  Melee: Trident           |    17 |    12 |       |       |       ||    29
         Headbutt          |     3 |     5 |    12 |    70 |     5 ||    95
         Halberd           |       |    13 |    54 |   228 |       ||   295
         Scythe            |       |       |       |    88 |    32 ||   120
 Invoke: Call Merchant     |       |       |       |     3 |       ||     3
    Use: Potion            |       |       |     3 |     7 |     4 ||    14
         Scroll            |       |       |       |     1 |     1 ||     2
   Stab: Distracted        |       |       |     1 |     4 |       ||     5
         Petrified         |       |       |       |     5 |       ||     5
         Petrifying        |       |       |       |     1 |       ||     1
 Armour: Scale mail        |     5 |     8 |     4 |       |       ||    17
         Chain mail        |       |       |    17 |    60 |       ||    77
         Plate armour      |       |       |       |    60 |    21 ||    81
  Dodge: Dodged            |     7 |    15 |    15 |    53 |     8 ||    98
  Block: Buckler           |     2 |     5 |       |       |       ||     7
